 Dungeon Crawl Stone Soup version 0.32-a0-5-gbffa963729 (webtiles) character file.

Game seed: 3824198176709571540

9 Flugslaktarn the Trooper (level 2, 27/27 HPs)
             Began as a Minotaur Fighter on Jan 13, 2024.
             Quit the game on level 1 of the Dungeon.
             The game lasted 00:00:08 (226 turns).

Flugslaktarn the Trooper (Minotaur Fighter)          Turns: 226, Time: 00:00:09

Health: 27/27      AC:  9    Str: 20    XL:     2   Next: 6%
Magic:  1/1        EV:  7    Int:  5    God:
Gold:   15         SH:  4    Dex:  9    Spells: 1/1 levels left

rFire   . . .        a - +0 war axe
rCold   . . .        c - +0 buckler
rNeg    . . .        g - +0 chain mail
rPois   .            (helmet restricted)
rElec   .            (no cloak)
rCorr   .            (no gloves)
SInv    .            (no boots)
Will    .....        (no amulet) Stlth
                     (no ring)
HPRegen 0.24/turn    (no ring)
MPRegen 0.07/turn

%: no passive effects
@: no status effects
A: horns 2, retaliatory headbutt
a: no special abilities


You were on level 1 of the Dungeon.
You visited 1 branch of the dungeon, and saw 1 of its levels.

You collected 15 gold pieces.

Inventory:

Hand Weapons
 a - a +0 war axe (weapon)
Armour
 b - a +0 scale mail
 c - a +0 buckler (worn)
 g - a +0 chain mail (worn)
   (You found it on level 1 of the Dungeon)
Scrolls
 e - a scroll of immolation {unknown}
 f - a scroll of enchant weapon {unknown}
Potions
 d - a potion of might


   Skills:
 * Level 4.0 Fighting
 * Level 2.7 Axes
 + Level 3.7 Armour
 + Level 3.7 Shields


You had one spell level left.
You didn't know any spells.
Your spell library was empty.

Dungeon Overview and Level Annotations

Branches:
Dungeon (1/15)

Altars:


Innate Abilities, Weirdness & Mutations

You have a pair of horns on your head.
You reflexively headbutt those who attack you in melee.


Message History

Found a scroll labelled DAPHYVVOPS.
The frilled lizard hisses angrily.
A frilled lizard is nearby!
A frilled lizard is nearby!
The frilled lizard barely misses you. You furiously retaliate!
You headbutt the frilled lizard!
You kill the frilled lizard!
No target in view!
No target in view!
No target in view!
No target in view!
No target in view!
e - a scroll labelled DAPHYVVOPS No target in view!
A kobold comes into view. It is wielding a +0 whip.
The kobold shouts!
A kobold is nearby!
The kobold hits you with a +0 whip.
You hit the kobold but do no damage. You headbutt the kobold.
You kill the kobold!
No target in view!
No target in view!
No target in view!
No target in view!
You now have 15 gold pieces.
A ball python comes into view.
The ball python hisses angrily.
A ball python is nearby!
A ball python is nearby!
You slash the ball python!
You kill the ball python!
No target in view!
No target in view!
No target in view!
Found a spear.
A bat comes into view.
A rat comes into view.
Found a chain mail.
Found a stone staircase leading down.
The rat squeaks loudly.
The bat hits you but does no damage.
The rat twitches its whiskers.
You hit the bat but do no damage. The bat hits you but does no damage.
A rat comes into view.
The bat hits you but does no damage.
You barely miss the bat.
The rat squeaks loudly.
The bat hits you but does no damage.
You barely miss the bat. Your headbutt misses the bat.
The bat barely misses you. You block the bat's attack.
You miss the bat. You block the bat's attack. You block the rat's attack.
You miss the bat. You barely miss the rat. You block the bat's attack.
The rat bites you but does no damage. The bat hits you.
You slash the bat!
You kill the bat!
You hit the rat. You closely miss the rat. The rat barely misses you.
The rat closely misses you. The rat bites you but does no damage.
You block the rat's attack.
You closely miss the rat. You headbutt the rat.
You kill the rat!
You closely miss the rat. The rat bites you but does no damage.
A rat is nearby!
You slash the rat!
You kill the rat!
A kobold comes into view. It is wielding a +0 dagger.
The kobold shouts!
You hear an angry hiss.
A frilled lizard comes into view.
The frilled lizard hisses angrily.
You see here a scroll labelled FAOWIN GANEB.
A bat comes into view.
The kobold hits you but does no damage.
You hit the kobold.
The kobold is severely wounded.
The bat closely misses you. The kobold barely misses you.
You furiously retaliate!
You headbutt the kobold!
You kill the kobold!
You have reached level 2!
You slash the bat!
You kill the bat!
The frilled lizard bites you.
Things that are here:
a +0 dagger; a bat corpse; a kobold corpse You barely miss the frilled lizard.
The frilled lizard barely misses you. The frilled lizard misses you.
You slash the frilled lizard!
You kill the frilled lizard!
Your Fighting skill increases to level 4!
You see here a frilled lizard corpse.
No target in view!
Things that are here:
a +0 dagger; a bat corpse; a kobold corpse
f - a scroll labelled FAOWIN GANEB You see here a +0 chain mail.
g - a +0 chain mail You start removing your armour.
You continue taking off your +0 scale mail. x4
You finish taking off your +0 scale mail.
You start putting on your armour.
You continue putting on your +0 chain mail. x5
You finish putting on your +0 chain mail.
Are you sure you want to abandon this character and quit the game? (Confirm with "yes".)

#...##.............##
##.###...............# #..
#....†..........# #.#
#...............#
#..###...............#
##...................#
#######.................# ###
##...##...#.............##
....#.......>.@#.....#........
................##############
.......†).......#
................#
....#..........## ...
##...##....... .
..#####.###### ##. #.# #. #.#


There were no monsters in sight!

Vanquished Creatures
  A ball python (D:1)
  An endoplasm (D:1)
  2 kobolds (D:1)
  2 bats (D:1)
  2 frilled lizards (D:1)
  2 rats (D:1)
10 creatures vanquished.

Notes
Turn   | Place    | Note
-------+----------+-------------------------------------------
     0 | D:1      | Flugslaktarn the Minotaur Fighter began the quest for the
                  | Orb.
     0 | D:1      | Reached XP level 1. HP: 19/19 MP: 0/0
   202 | D:1      | Reached XP level 2. HP: 27/27 MP: 1/1
   206 | D:1      | Reached skill level 4 in Fighting
   226 | D:1      | Quit the game

Illustrated notes

Levels and vault maps discovered:
D:1:      erik_arrival_blinker_ship, layout_rooms

Skill      XL: |  1  2 |
---------------+-------+-----
Fighting       | 4 |  4.0
Axes           | |  2.7
Armour         | |  3.7
Shields        | |  3.7

Action                     || total
---------------------------++-------
  Melee: War axe           ||    16
         Headbutt          ||     3
 Armour: Scale mail        ||    11
  Dodge: Dodged            ||     8
  Block: Buckler           ||     5

Table legend: (Time is in decaauts)
 A = Elapsed time spent in this place.
 B = Non-inter-level travel time spent in this place.
 C = Inter-level travel time spent in this place.
 D = Time resting spent in this place.
 E = Time spent auto-exploring this place.
 F = Levels seen in this place.
 G = Mean time per level.
                   A        B        C        D        E       F      G
               +--------+--------+--------+--------+--------+-----+--------+
         Total |    232 |    232 |      0 |      0 |    166 |   1 |  232.0 |
       Dungeon |    232 |    232 |      0 |      0 |    166 |   1 |  232.0 |
               +--------+--------+--------+--------+--------+-----+--------+

Top non-repeatable levels by time:
     D:1: 232 daAuts
